 Dungeon Crawl Stone Soup version 0.16-a0-324-g99bef82 (webtiles) character file.

67791 PolkaDot the Maledictor (level 14, -10/104 HPs)
             Began as a Vampire Enchanter on Sept 2, 2014.
             Was a High Priest of Ashenzari.
             Mangled by a death yak (20 damage)
             ... on Level 7 of the Lair of Beasts on Sept 3, 2014.
             The game lasted 01:44:38 (21321 turns).

PolkaDot the Maledictor (Vampire Enchanter)        Turns: 21321, Time: 01:44:38

HP -10/104       AC 15     Str  7      XL: 14   Next: 84%
MP  16/20        EV 14     Int 20      God: Ashenzari [*****.]
Gold 1149        SH  8     Dex 15      Spells:  7 memorised,  1 level left

rFire  + . .     SeeInvis +     d - +5 dagger (speed) (curse)
rCold  + + .     Clarity  +     M - +2 robe {rF+} (curse)
rNeg   + + +     rCorr    .     i - +2 buckler (curse)
rPois  +         rRot     +     g - +0 helmet (curse)
rElec  .         Spirit   .     y - +0 cloak (curse)
SustAb .         Warding  .     (no gloves)
rMut   .         Stasis   .     q - +2 pair of boots (curse)
Gourm  .                        (no amulet)
MR     +....                    t - cursed +5 ring of protection
                                B - cursed +4 ring of slaying

@: very slightly contaminated, bloodless, non-regenerating, somewhat resistant
to hostile enchantments, incredibly stealthy
A: bottle blood, fangs 3, rugged brown scales 1, see invisible, unbreathing
a: Bat Form, Bottle Blood, Scrying, Transfer Knowledge, Renounce Religion


You were on level 7 of the Lair of Beasts.
You worshipped Ashenzari.
Ashenzari was extremely pleased with you.
You were bloodless.

You visited 3 branches of the dungeon, and saw 19 of its levels.
You also visited: Labyrinth and Volcano.

You collected 1149 gold pieces.

Inventory:

Hand weapons
 d - a cursed +5 dagger of speed (weapon)
Missiles
 a - 3 throwing nets (quivered)
Armour
 g - a cursed +0 helmet (worn)
 i - a cursed +2 buckler (worn)
 q - a cursed +2 pair of boots (worn)
 y - a cursed +0 cloak (worn)
 M - a cursed +2 robe of fire resistance (worn)
Magical devices
 c - a wand of enslavement (20) {unknown}
 m - a wand of magic darts (12) {unknown}
 r - a wand of polymorph (7) {unknown}
 u - a wand of heal wounds (6) {unknown}
 v - a wand of slowing (13) {unknown}
 x - a wand of polymorph (24) {unknown}
 K - a wand of lightning (7) {unknown}
 O - a wand of draining (3) {unknown}
 P - a wand of cold (7) {unknown}
 Q - a wand of disintegration (11) {unknown}
 R - a wand of enslavement (12) {unknown}
 U - a wand of polymorph (9) {unknown}
Scrolls
 b - 4 scrolls of identify
 e - 3 scrolls of immolation
 k - 6 scrolls of recharging
 o - 15 scrolls of teleportation
 s - 3 scrolls of magic mapping
 z - a scroll of fog
 C - 2 scrolls of curse jewellery
 D - a scroll of summoning
 F - a scroll of blinking
 G - a scroll of curse weapon
 H - a scroll of random uselessness {unknown}
 I - a scroll of vulnerability
 J - 3 scrolls of fear
 L - 5 scrolls of remove curse
Jewellery
 t - a cursed +5 ring of protection (right hand)
 B - a cursed +4 ring of slaying (left hand)
Potions
 f - a potion of cure mutation {!q}
 h - 4 potions of agility
 j - 10 potions of curing
 l - 2 potions of restore abilities
 p - a potion of magic
 w - 3 potions of might
 A - 3 potions of cancellation
 E - a potion of flight
 N - 3 potions of haste
Books
 S - a book of the Earth

   Spells                             Type                      Level
   Leda's Liquefaction                Hexes/Earth                  4
   Bolt of Magma                      Conjuration/Fire/Earth       5
   Statue Form                        Transmutation/Earth          6
   Iron Shot                          Conjuration/Earth            6
   Shatter                            Earth                        9
Rods
 V - a +4 rod of shadows (10/10)
   (You found it in a labyrinth)


   Skills:
 - Level 6.7 Fighting
 + Level 12.9(16.5) Short Blades
 - Level 2.1(4.2) Dodging
 + Level 17.9(20.0) Stealth
 - Level 5.2(7.9) Shields
 - Level 2.0 Spellcasting
 * Level 21.8(23.6) Hexes
 - Level 2.0(4.0) Ice Magic


You had one spell level left.
You knew the following spells:

 Your Spells              Type           Power        Failure   Level  Hunger
a - Corona                Hex            #######      0%          1    #......
b - Sure Blade            Hex/Chrm       ######....   1%          2    ##.....
c - Confuse               Hex            #######.     0%          3    ###....
d - Ensorcelled Hibernat  Hex/Ice        ######       1%          2    ##.....
e - Enslavement           Hex            #######.     0%          4    #####..
q - Blink                 Tloc           N/A          24%         2    ##.....
D - Repel Missiles        Chrm/Air       #.....       24%         2    ##.....


Dungeon Overview and Level Annotations

Branches:
Dungeon (10/15)            Temple (1/1) D:5             Orc (0/4) D:10
   Lair (8/8) D:10          Swamp (0/5) Lair:5        Snake (0/5) Lair:5
  Slime (0/6) Lair:8

Altars:
Ashenzari
Cheibriados
Dithmenos
Elyvilon
Fedhas
Gozag
Kikubaaqudgha
Makhleb
Nemelex Xobeh
Okawaru
Qazlal
Sif Muna
Trog
Vehumet
Xom
Yredelemnul
Zin
The Shining One
Jiyva

Annotations:
Lair:3 exclusions: upstairs and 1 more exclusion


Innate Abilities, Weirdness & Mutations

You do not heal naturally.
You can bottle blood from corpses.
You have razor-sharp teeth.
You have supernaturally acute eyesight.
You can survive without breathing.
You are partially covered in rugged brown scales (AC +1, +3% HP).


Message History

You cut the giant frog into ribbons!!!!!
You kill the giant frog!
You hear a loud "Zot"!
There is an escape hatch in the ceiling here.
You block the death yak's attack. A mysterious force pulls you upwards.
The hatch slams shut behind you.
Drink which item? (? for menu, Esc to quit)
Okay, then.
Drink which item? (? for menu, Esc to quit)
Okay, then.
Casting: Ensorcelled Hibernation
Confirm with . or Enter, or press ? or * to list all spells.
You miscast Blink.
Space warps around you. The death yak gores you!
* * * LOW HITPOINT WARNING * * *
Casting: Blink
Confirm with . or Enter, or press ? or * to list all spells.
You miscast Blink.
The world appears momentarily distorted!
The death yak gores you!!
You die...

#####.P##.#.....P#
###.#......)##.....##
#....##.....#.......# ###
##..................##
#.###..........<.......#.####
###..##.....#.................#
#......PP............P........#
###....PP......>.....P.P........
#.....PPP..#..Y@....##.#.#.)...P
##.....#PP............####.......
.......PP........#....# ##......
......................# #......#
....PP...............## ##....##
..PPP..P.......##P....####.....#
..PPPPP........###.PP.##......##
...PPP....#....P##P....#.#....P##
...PP.....##...###P....#.##.....#


You could see a death yak.

Vanquished Creatures
  Rupert (Lair:7)
  Maud (Lair:3)
  A minotaur (Lab)
  5 hydras
  A centaur warrior (D:9)
  10 death yaks
  Urug (D:10)
  Pikel (D:5)
  6 griffons
  6 black mambas
  3 elephants (Lair:8)
  3 toenail golems (Volcano)
  A torpor snail (Lair:5)
  8 spiny frogs
  4 komodo dragons
  A naga mage (Lair:5)
  3 fire drakes
  A polar bear (D:10)
  A wandering mushroom (D:8)
  3 giant leeches (Lair:5)
  A boulder beetle (Lair:5)
  25 blink frogs
  3 basilisks
  35 yaks
  A spriggan (D:9)
  11 hippogriffs
  17 wolves
  6 humans (Volcano)
  2 hungry ghosts
  The ghost of Mindmaker the Sneak, an average TeAs of Gozag (D:3)
  15 water moccasins
  15 porcupines
  3 sky beasts
  5 ogres
  7 ice beasts
  4 black bears
  An orc warrior (D:10)
  3 phantoms
  A manticore zombie (D:9)
  9 crocodiles
  A yellow wasp (D:8)
  2 boring beetles (Lair:7)
  2 centaurs
  14 giant frogs
  A tengu simulacrum (D:10)
  A big kobold (D:8)
  A wyvern zombie (D:9)
  2 gnoll sergeants
  5 killer bees (D:8)
  A hippogriff zombie (D:10)
  5 scorpions
  5 wights (D:9)
  3 electric eels
  A quasit (D:9)
  A goliath beetle (D:5)
  2 crimson imps
  A jelly (D:7)
  9 hounds
  A two-headed ogre zombie (D:8)
  Crazy Yiuf (D:4)
  A giant frog skeleton (D:8)
  A giant frog zombie (D:8)
  4 worker ants
  8 iguanas
  5 orc priests
  Natasha (D:3)
  8 orc wizards
  2 orange rats (D:10)
  16 sheep
  A hippogriff simulacrum (D:10)
  Ijyb (D:3)
  A sky beast zombie (D:6)
  A centaur simulacrum (D:10)
  A worker ant zombie (D:6)
  A steam dragon zombie (D:10)
  13 adders
  20 gnolls
  36 green rats
  2 shadow imps
  A hound simulacrum (D:10)
  2 worms
  A giant mite (D:7)
  A white imp (D:10)
  2 ufetubi (D:10)
  2 adder skeletons
  5 giant geckos
  42 orcs
  2 ball pythons
  9 bats
  6 giant cockroaches
  9 goblins
  16 hobgoblins
  21 kobolds
  10 quokkas
  7 giant newts
  A hobgoblin skeleton (D:4)
  4 jackals (D:4)
  2 jackal skeletons (D:4)
  2 orc skeletons
  An orc zombie (D:6)
  A quokka skeleton (D:8)
  8 rats
  15 ballistomycetes
  A fungus (Lair:2)
  A plant (Lair:6)
580 creatures vanquished.

Vanquished Creatures (collateral kills)
  An elephant (Lair:8)
  5 yaks
  An orc priest (D:7)
  5 sheep (Lair:8)
  A gnoll (D:9)
  A giant mite (D:7)
  2 giant spores
  A kobold (D:10)
17 creatures vanquished.

Vanquished Creatures (others)
  2 slaves (D:5)
  A scorpion (D:5)
  2 worker ants (D:5)
  A fungus (Lair:6)
6 creatures vanquished.

Grand Total: 603 creatures vanquished

Notes
Turn   | Place    | Note
--------------------------------------------------------------
     0 | D:1      | PolkaDot, the Vampire Enchanter, began the quest for the Orb.
     0 | D:1      | Reached XP level 1. HP: 13/13 MP: 3/3
   293 | D:1      | Reached XP level 2. HP: 19/19 MP: 4/4
   301 | D:1      | Learned a level 2 spell: Ensorcelled Hibernation
   619 | D:1      | Reached skill level 1 in Ice Magic
   856 | D:1      | Reached XP level 3. HP: 24/24 MP: 0/6
  1151 | D:1      | Learned a level 3 spell: Confuse
  1417 | D:2      | Reached skill level 5 in Hexes
  1742 | D:3      | Noticed Ijyb
  1849 | D:3      | Killed Ijyb
  1849 | D:3      | Reached skill level 5 in Stealth
  1849 | D:3      | Reached XP level 4. HP: 27/30 MP: 1/7
  2002 | D:3      | Noticed Mindmaker's ghost (average TeAs)
  2046 | D:3      | Killed Mindmaker's ghost
  2046 | D:3      | Reached skill level 6 in Hexes
  2046 | D:3      | Reached XP level 5. HP: 30/35 MP: 2/9
  2132 | D:3      | Learned a level 2 spell: Sure Blade
  2239 | D:3      | Found a radiant altar of Vehumet.
  2341 | D:3      | Found a glowing golden altar of the Shining One.
  2420 | D:3      | Noticed Natasha
  2424 | D:3      | Killed Natasha
  2628 | D:4      | Reached skill level 7 in Hexes
  2640 | D:4      | Reached XP level 6. HP: 41/41 MP: 10/10
  3175 | D:4      | Reached skill level 8 in Hexes
  3437 | D:4      | Noticed a phantom
  3462 | D:4      | Killed a phantom
  3462 | D:4      | Reached XP level 7. HP: 39/46 MP: 9/12
  3957 | D:4      | Noticed Crazy Yiuf
  3971 | D:4      | Killed Crazy Yiuf
  4193 | D:5      | Entered Level 5 of the Dungeon
  4214 | D:5      | Noticed Pikel
  4223 | D:5      | Killed Pikel
  4223 | D:5      | Reached skill level 5 in Short Blades
  4223 | D:5      | Reached skill level 10 in Hexes
  4223 | D:5      | Reached XP level 8. HP: 47/52 MP: 8/13
  4903 | D:5      | Found a staircase to the Ecumenical Temple.
  4909 | Temple   | Entered the Ecumenical Temple
  4982 | Temple   | Became a worshipper of Ashenzari the Shackled
  5064 | D:5      | Gained mutation: You are partially covered in rugged brown scales (AC +1, +3% HP). [potion of beneficial mutation]
  5274 | D:6      | Reached skill level 11 in Hexes
  5280 | D:6      | Found a shimmering altar of Xom.
  5396 | D:6      | Found a snail-covered altar of Cheibriados.
  5921 | D:6      | Reached skill level 10 in Stealth
  5922 | D:6      | Found a basalt altar of Yredelemnul.
  6606 | D:7      | Reached skill level 12 in Hexes
  6606 | D:7      | Reached XP level 9. HP: 58/58 MP: 11/14
  6676 | D:7      | Found a bloodstained altar of Trog.
  6683 | D:7      | Learned a level 4 spell: Enslavement
  6997 | D:7      | Found a white marble altar of Elyvilon.
  7853 | D:8      | Reached skill level 13 in Hexes
  8252 | D:8      | Acquired Ashenzari's first power
  8476 | D:8      | Reached skill level 14 in Hexes
  8617 | D:8      | Reached XP level 10. HP: 64/64 MP: 11/16
  9247 | D:9      | Found a blossoming altar of Fedhas.
  9467 | D:9      | Noticed a centaur warrior
  9470 | D:9      | Killed a centaur warrior
  9502 | D:9      | Reached skill level 15 in Hexes
  9504 | D:9      | Identified the cursed +3 hand axe of Watchfulness {freeze, Str+3}
  9601 | D:9      | Reached skill level 1 in Shields
  9997 | D:10     | Entered Level 10 of the Dungeon
 10081 | D:10     | Found a staircase to the Orcish Mines.
 10166 | D:10     | Found a staircase to the Lair.
 10239 | D:10     | Reached skill level 5 in Shields
 10670 | D:10     | Acquired Ashenzari's second power
 10799 | D:10     | Reached XP level 11. HP: 41/70 MP: 13/17
 10808 | D:10     | Noticed Urug
 10859 | D:10     | Killed Urug
 11356 | Lair:1   | Entered Level 1 of the Lair of Beasts
 11482 | Lair:1   | Reached skill level 16 in Hexes
 11663 | Lair:2   | Found a labyrinth entrance.
 11672 | Lab      | Entered a labyrinth
 11921 | Lab      | Noticed a minotaur
 11934 | Lab      | Killed a minotaur
 11934 | Lab      | Identified the ring "Xaenastuykk" {-Cast AC+2} (You took it off a minotaur in a labyrinth)
 11940 | Lab      | Identified a +4 rod of shadows (10/10)
 11942 | Lab      | Identified the +7 morningstar "Hoskel" {pain, rElec Str+4} (You found it in a labyrinth)
 12239 | Lair:1   | Acquired Ashenzari's third power
 12499 | Lair:1   | Reached skill level 17 in Hexes
 12650 | Lair:1   | Reached skill level 10 in Short Blades
 13199 | Lair:2   | Reached XP level 12. HP: 76/76 MP: 5/18
 13440 | Lair:2   | Reached skill level 18 in Hexes
 13721 | Lair:2   | Reached skill level 15 in Stealth
 14533 | Lair:3   | Noticed a four-headed hydra
 14536 | Lair:3   | Killed a four-headed hydra
 14543 | Lair:3   | Reached XP level 13. HP: 81/97 MP: 19/19
 14890 | Lair:3   | Noticed Maud
 14898 | Lair:3   | Killed Maud
 14898 | Lair:3   | Reached skill level 19 in Hexes
 15283 | Lair:5   | Found a staircase to the Snake Pit.
 15355 | Lair:5   | Found a dark tunnel.
 15362 | Volcano  | Entered a volcano
 15499 | Volcano  | Acquired Ashenzari's fourth power
 15969 | Lair:4   | Found a blossoming altar of Fedhas.
 15972 | Lair:5   | Found an iron altar of Okawaru.
 16476 | Lair:5   | Found a staircase to the Swamp.
 16483 | Lair:5   | Reached XP level 14. HP: 104/104 MP: 20/20
 16659 | Lair:5   | Reached skill level 20 in Hexes
 16914 | Lair:5   | Learned a level 2 spell: Blink
 16917 | Lair:5   | Learned a level 2 spell: Repel Missiles
 19242 | Lair:6   | Reached skill level 21 in Hexes
 20190 | Lair:7   | Noticed Rupert
 20193 | Lair:7   | Killed Rupert
 20218 | Lair:8   | Entered Level 8 of the Lair of Beasts
 21011 | Lair:8   | Found a viscous altar of Jiyva.
 21012 | Lair:8   | Found a staircase to the Slime Pits.
 21321 | Lair:7   | Mangled by a death yak

Action                   |  1- 3 |  4- 6 |  7- 9 | 10-12 | 13-15 || total
-------------------------+-------+-------+-------+-------+-------++-------
Melee: Dagger            |    88 |   148 |   299 |   389 |   466 ||  1390
 Cast: Corona            |     5 |       |     5 |     6 |     1 ||    17
       Ensorcelled Hiber |    17 |    29 |    99 |   119 |   155 ||   419
       Confuse           |     3 |     3 |     6 |    22 |    43 ||    77
       Enslavement       |       |       |     1 |     6 |     7 ||    14
       Sure Blade        |       |       |       |     2 |     1 ||     3
  Use: Scroll            |     1 |       |    22 |    13 |    11 ||    47
       Potion            |       |       |     1 |     1 |     8 ||    10
 Stab: Sleeping          |    26 |    30 |    82 |   134 |   121 ||   393
       Confused          |     2 |     3 |     3 |    16 |    21 ||    45
       Distracted        |       |       |     1 |     1 |     7 ||     9
       Betrayed ally     |       |       |       |       |     2 ||     2
